Unix NetHack Version 3.7.0-62 Work-in-progress - last build Sep 4 2022 05:15:49 (19f23e9df9cc3a1919452eed5d8f743ebdc3eec5,branch:master).

Game began 2022-09-06 17:07:07, ended 2022-09-08 18:52:36.

rustyspoon, neutral female gnomish Healer

  
}pool of water
}pool of water
}pool of water
}pool of water
}pool of water
}pool of water
}pool of water
}pool of water
}pool of water
}pool of water
}pool of water
}pool of water
}pool of water
}pool of water
}pool of water
}pool of water
}pool of water
}pool of water
}pool of water
}pool of water
}pool of water
}pool of water
}pool of water
}pool of water
}pool of water
}pool of water
}pool of water
}pool of water
}pool of water
}pool of water
}pool of water
}pool of water
}pool of water
}pool of water
}pool of water
}pool of water
}pool of water
}pool of water
}pool of water
}pool of water
}pool of water
}pool of water
}pool of water
}pool of water
}pool of water
}pool of water
}pool of water
}pool of water
}pool of water
}pool of water
}pool of water
}pool of water
}pool of water
}pool of water
}pool of water
}pool of water
}pool of water
}pool of water
}pool of water
}pool of water
}pool of water
}pool of water
}pool of water
}pool of water
}pool of water
}pool of water
}pool of water
}pool of water
}pool of water
}pool of water
}pool of water
}pool of water
}pool of water
}pool of water
}pool of water
}pool of water
}pool of water
}pool of water
}pool of water
}pool of water
}pool of water
}pool of water
}pool of water
}pool of water
}pool of water
}pool of water
}pool of water
}pool of water
}pool of water
}pool of water
}pool of water
}pool of water
}pool of water
}pool of water
}pool of water
}pool of water
}pool of water
}pool of water
}pool of water
}pool of water
}pool of water
}pool of water
}pool of water
}pool of water
}pool of water
}pool of water
}pool of water
}pool of water
}pool of water
}pool of water
}pool of water
}pool of water
}pool of water
}pool of water
}pool of water
}pool of water
}pool of water
}pool of water
}pool of water
}pool of water
.dark part of a room
.dark part of a room
}pool of water
}pool of water
.dark part of a room
}pool of water
}pool of water
}pool of water
}pool of water
}pool of water
.dark part of a room
}pool of water
}pool of water
}pool of water
}pool of water
}pool of water
}pool of water
}pool of water
}pool of water
}pool of water
}pool of water
}pool of water
}pool of water
}pool of water
}pool of water
.dark part of a room
}pool of water
}pool of water
.dark part of a room
}pool of water
}pool of water
}pool of water
.dark part of a room
}pool of water
.dark part of a room
}pool of water
}pool of water
}pool of water
}pool of water
}pool of water
}pool of water
}pool of water
}pool of water
}pool of water
.floor of a room
}pool of water
}pool of water
.floor of a room
}pool of water
}pool of water
}pool of water
}pool of water
}pool of water
}pool of water
}pool of water
}pool of water
}pool of water
}pool of water
}pool of water
}pool of water
}pool of water
}pool of water
}pool of water
}pool of water
}pool of water
}pool of water
}pool of water
}pool of water
}pool of water
}pool of water
}pool of water
}pool of water
}pool of water
}pool of water
}pool of water
}pool of water
}pool of water
.dark part of a room
.dark part of a room
.dark part of a room
.dark part of a room
.dark part of a room
.dark part of a room
.dark part of a room
.dark part of a room
.dark part of a room
.dark part of a room
.dark part of a room
.dark part of a room
.dark part of a room
.dark part of a room
.dark part of a room
.dark part of a room
.dark part of a room
.dark part of a room
.dark part of a room
.dark part of a room
.dark part of a room
.dark part of a room
.dark part of a room
.dark part of a room
.dark part of a room
.dark part of a room
.dark part of a room
.dark part of a room
.dark part of a room
.dark part of a room
.dark part of a room
.dark part of a room
.dark part of a room
.dark part of a room
.dark part of a room
.dark part of a room
.dark part of a room
.dark part of a room
.dark part of a room
}pool of water
}pool of water
}pool of water
}pool of water
.floor of a room
}pool of water
.floor of a room
.floor of a room
.floor of a room
}pool of water
.floor of a room
}pool of water
}pool of water
}pool of water
}pool of water
.floor of a room
.floor of a room
.floor of a room
.floor of a room
.floor of a room
.floor of a room
.floor of a room
.floor of a room
.dark part of a room
.dark part of a room
.dark part of a room
.dark part of a room
.dark part of a room
.dark part of a room
.dark part of a room
.dark part of a room
.dark part of a room
.dark part of a room
.dark part of a room
.dark part of a room
.dark part of a room
.dark part of a room
.dark part of a room
.dark part of a room
.dark part of a room
.dark part of a room
}pool of water
}pool of water
.dark part of a room
.dark part of a room
.dark part of a room
.dark part of a room
.dark part of a room
.dark part of a room
.dark part of a room
}pool of water
}pool of water
.dark part of a room
.dark part of a room
.dark part of a room
.dark part of a room
.dark part of a room
.dark part of a room
}pool of water
}pool of water
}pool of water
}pool of water
.dark part of a room
.dark part of a room
.dark part of a room
.dark part of a room
.dark part of a room
.dark part of a room
.dark part of a room
.dark part of a room
.dark part of a room
.dark part of a room
.dark part of a room
.dark part of a room
.dark part of a room
.dark part of a room
.dark part of a room
.dark part of a room
}pool of water
}pool of water
}pool of water
}pool of water
}pool of water
.floor of a room
.floor of a room
.floor of a room
.floor of a room
.floor of a room
.floor of a room
}pool of water
}pool of water
}pool of water
}pool of water
}pool of water
.floor of a room
}pool of water
}pool of water
}pool of water
}pool of water
}pool of water
}pool of water
}pool of water
}pool of water
}pool of water
}pool of water
}pool of water
}pool of water
}pool of water
}pool of water
}pool of water
}pool of water
}pool of water
}pool of water
}pool of water
}pool of water
}pool of water
}pool of water
}pool of water
}pool of water
}pool of water
}pool of water
.dark part of a room
.dark part of a room
.dark part of a room
.dark part of a room
.dark part of a room
.dark part of a room
.dark part of a room
}pool of water
}pool of water
}pool of water
.dark part of a room
.dark part of a room
.dark part of a room
.dark part of a room
.dark part of a room
}pool of water
}pool of water
}pool of water
}pool of water
}pool of water
.dark part of a room
.dark part of a room
.dark part of a room
.dark part of a room
.dark part of a room
.dark part of a room
.dark part of a room
.dark part of a room
.dark part of a room
.dark part of a room
.dark part of a room
.dark part of a room
.dark part of a room
.dark part of a room
.dark part of a room
.dark part of a room
}pool of water
}pool of water
}pool of water
.floor of a room
.floor of a room
.floor of a room
.floor of a room
.floor of a room
.floor of a room
.floor of a room
.floor of a room
.floor of a room
.floor of a room
.floor of a room
.floor of a room
.floor of a room
.floor of a room
}pool of water
.floor of a room
}pool of water
}pool of water
}pool of water
.floor of a room
}pool of water
}pool of water
.dark part of a room
.dark part of a room
.dark part of a room
.dark part of a room
.dark part of a room
.dark part of a room
.dark part of a room
.dark part of a room
)a flail
%a giant rat corpse
.dark part of a room
.dark part of a room
.dark part of a room
.dark part of a room
.dark part of a room
.dark part of a room
.dark part of a room
.dark part of a room
.dark part of a room
.dark part of a room
.dark part of a room
.dark part of a room
.dark part of a room
.dark part of a room
.dark part of a room
.dark part of a room
.dark part of a room
.dark part of a room
.dark part of a room
.dark part of a room
.dark part of a room
.dark part of a room
.dark part of a room
.dark part of a room
.dark part of a room
.dark part of a room
}pool of water
.dark part of a room
.dark part of a room
.dark part of a room
.dark part of a room
.dark part of a room
.dark part of a room
.dark part of a room
.dark part of a room
.dark part of a room
.dark part of a room
.dark part of a room
.dark part of a room
.dark part of a room
.dark part of a room
.dark part of a room
.dark part of a room
.dark part of a room
.dark part of a room
}pool of water
}pool of water
}pool of water
.floor of a room
.floor of a room
.floor of a room
.floor of a room
.floor of a room
.floor of a room
.floor of a room
.floor of a room
}pool of water
}pool of water
}pool of water
}pool of water
}pool of water
.floor of a room
}pool of water
.floor of a room
}pool of water
}pool of water
.floor of a room
}pool of water
}pool of water
.floor of a room
.dark part of a room
.dark part of a room
}pool of water
}pool of water
}pool of water
}pool of water
.dark part of a room
.dark part of a room
.dark part of a room
.dark part of a room
}pool of water
}pool of water
}pool of water
}pool of water
}pool of water
}pool of water
}pool of water
.dark part of a room
.dark part of a room
.dark part of a room
.dark part of a room
}pool of water
}pool of water
}pool of water
}pool of water
}pool of water
}pool of water
}pool of water
.dark part of a room
.dark part of a room
.dark part of a room
.dark part of a room
.dark part of a room
.dark part of a room
.dark part of a room
}pool of water
}pool of water
.dark part of a room
.dark part of a room
.dark part of a room
.dark part of a room
.dark part of a room
.dark part of a room
.dark part of a room
.dark part of a room
.dark part of a room
.dark part of a room
.dark part of a room
.dark part of a room
.dark part of a room
}pool of water
.dark part of a room
.dark part of a room
}pool of water
}pool of water
}pool of water
}pool of water
}pool of water
.floor of a room
}pool of water
.floor of a room
}pool of water
.floor of a room
}pool of water
}pool of water
}pool of water
}pool of water
}pool of water
}pool of water
}pool of water
}pool of water
.floor of a room
.floor of a room
.floor of a room
.floor of a room
}pool of water
.floor of a room
.floor of a room
.floor of a room
}pool of water
}pool of water
}pool of water
.dark part of a room
.dark part of a room
}pool of water
}pool of water
}pool of water
}pool of water
}pool of water
%a giant rat corpse
.dark part of a room
.dark part of a room
[a ring mail
.dark part of a room
.dark part of a room
}pool of water
}pool of water
}pool of water
}pool of water
}pool of water
}pool of water
}pool of water
.dark part of a room
)a runed spear
.dark part of a room
.dark part of a room
}pool of water
}pool of water
}pool of water
}pool of water
}pool of water
}pool of water
}pool of water
.dark part of a room
.dark part of a room
.dark part of a room
.dark part of a room
.dark part of a room
.dark part of a room
.dark part of a room
.dark part of a room
.dark part of a room
.dark part of a room
.dark part of a room
.dark part of a room
.dark part of a room
.dark part of a room
.dark part of a room
.dark part of a room
}pool of water
}pool of water
}pool of water
}pool of water
}pool of water
}pool of water
.floor of a room
.floor of a room
.floor of a room
}pool of water
}pool of water
}pool of water
}pool of water
}pool of water
}pool of water
}pool of water
}pool of water
}pool of water
.floor of a room
}pool of water
}pool of water
.floor of a room
.floor of a room
.floor of a room
.floor of a room
.floor of a room
.floor of a room
.floor of a room
}pool of water
}pool of water
}pool of water
.dark part of a room
.floor of a room
.dark part of a room
.dark part of a room
.dark part of a room
.dark part of a room
.dark part of a room
.dark part of a room
.dark part of a room
.dark part of a room
.dark part of a room
.dark part of a room
.dark part of a room
.dark part of a room
.dark part of a room
.dark part of a room
.dark part of a room
.dark part of a room
.dark part of a room
.dark part of a room
.dark part of a room
.dark part of a room
.dark part of a room
.dark part of a room
.dark part of a room
.dark part of a room
.dark part of a room
.dark part of a room
.dark part of a room
.dark part of a room
}pool of water
}pool of water
.dark part of a room
.dark part of a room
.dark part of a room
.dark part of a room
.dark part of a room
.dark part of a room
.dark part of a room
.dark part of a room
.dark part of a room
.dark part of a room
.dark part of a room
.dark part of a room
}pool of water
.dark part of a room
.dark part of a room
}pool of water
}pool of water
}pool of water
}pool of water
}pool of water
}pool of water
}pool of water
.floor of a room
.floor of a room
}pool of water
}pool of water
}pool of water
}pool of water
}pool of water
}pool of water
}pool of water
}pool of water
}pool of water
}pool of water
.floor of a room
}pool of water
}pool of water
}pool of water
.floor of a room
.floor of a room
.floor of a room
.floor of a room
.floor of a room
.floor of a room
.floor of a room
.floor of a room
}pool of water
}pool of water
.dark part of a room
.floor of a room
.dark part of a room
.dark part of a room
.dark part of a room
.dark part of a room
.dark part of a room
.dark part of a room
.dark part of a room
.dark part of a room
.dark part of a room
.dark part of a room
.dark part of a room
.dark part of a room
.dark part of a room
.dark part of a room
.dark part of a room
.dark part of a room
.dark part of a room
.dark part of a room
.dark part of a room
.dark part of a room
.dark part of a room
.dark part of a room
.dark part of a room
.dark part of a room
.dark part of a room
.dark part of a room
.dark part of a room
.dark part of a room
}pool of water
}pool of water
.dark part of a room
.dark part of a room
.dark part of a room
.dark part of a room
.dark part of a room
.dark part of a room
.dark part of a room
.dark part of a room
.dark part of a room
.dark part of a room
.dark part of a room
}pool of water
.dark part of a room
.dark part of a room
}pool of water
}pool of water
}pool of water
}pool of water
}pool of water
}pool of water
}pool of water
.floor of a room
.floor of a room
}pool of water
}pool of water
}pool of water
.floor of a room
.floor of a room
}pool of water
}pool of water
.floor of a room
.floor of a room
.floor of a room
}pool of water
}pool of water
}pool of water
}pool of water
.floor of a room
.floor of a room
.floor of a room
.floor of a room
.floor of a room
.floor of a room
.floor of a room
}pool of water
}pool of water
}pool of water
.floor of a room
.dark part of a room
.dark part of a room
.dark part of a room
.dark part of a room
.dark part of a room
.dark part of a room
%a white dragon corpse
.dark part of a room
.dark part of a room
.dark part of a room
.dark part of a room
.dark part of a room
.dark part of a room
.dark part of a room
.dark part of a room
.dark part of a room
.dark part of a room
.dark part of a room
.dark part of a room
.dark part of a room
.dark part of a room
.dark part of a room
.dark part of a room
.dark part of a room
.dark part of a room
.dark part of a room
.dark part of a room
.dark part of a room
.dark part of a room
}pool of water
}pool of water
.dark part of a room
.dark part of a room
.dark part of a room
.dark part of a room
.dark part of a room
.dark part of a room
.dark part of a room
.dark part of a room
.dark part of a room
.dark part of a room
.dark part of a room
.dark part of a room
.dark part of a room
.dark part of a room
}pool of water
}pool of water
}pool of water
}pool of water
}pool of water
}pool of water
}pool of water
}pool of water
.floor of a room
}pool of water
}pool of water
}pool of water
.floor of a room
.floor of a room
.floor of a room
.floor of a room
.floor of a room
.floor of a room
.floor of a room
}pool of water
}pool of water
}pool of water
.floor of a room
.floor of a room
.floor of a room
}pool of water
.floor of a room
.floor of a room
%a snake corpse
.floor of a room
}pool of water
HCyclops
.floor of a room
.floor of a room
.floor of a room
.floor of a room
.dark part of a room
.dark part of a room
%a snake corpse
.dark part of a room
%a black naga corpse
.dark part of a room
.dark part of a room
.dark part of a room
%a gold dragon corpse
.dark part of a room
.dark part of a room
.dark part of a room
.dark part of a room
.dark part of a room
.dark part of a room
.dark part of a room
%a habanero
.dark part of a room
.dark part of a room
.dark part of a room
.dark part of a room
.dark part of a room
.dark part of a room
.dark part of a room
.dark part of a room
.dark part of a room
}pool of water
}pool of water
}pool of water
.dark part of a room
.dark part of a room
.dark part of a room
.dark part of a room
}pool of water
}pool of water
}pool of water
.dark part of a room
.dark part of a room
.dark part of a room
.dark part of a room
.dark part of a room
.dark part of a room
.dark part of a room
}pool of water
}pool of water
}pool of water
}pool of water
}pool of water
}pool of water
}pool of water
}pool of water
}pool of water
}pool of water
.floor of a room
.floor of a room
.floor of a room
.floor of a room
.floor of a room
.floor of a room
.floor of a room
.floor of a room
.floor of a room
.floor of a room
.floor of a room
.floor of a room
.floor of a room
.floor of a room
}pool of water
}pool of water
.floor of a room
.floor of a room
.floor of a room
}pool of water
@invisible gnomish healer called rustyspoon
}pool of water
}pool of water
.floor of a room
%a rock mole corpse
%a rabid rat corpse
.floor of a room
.dark part of a room
.dark part of a room
.dark part of a room
.dark part of a room
.dark part of a room
.dark part of a room
.dark part of a room
.dark part of a room
.dark part of a room
.dark part of a room
.dark part of a room
.dark part of a room
.dark part of a room
.dark part of a room
.dark part of a room
.dark part of a room
.dark part of a room
.dark part of a room
.dark part of a room
.dark part of a room
.dark part of a room
.dark part of a room
.dark part of a room
.dark part of a room
.dark part of a room
.dark part of a room
}pool of water
}pool of water
}pool of water
.dark part of a room
.dark part of a room
.dark part of a room
}pool of water
}pool of water
}pool of water
.dark part of a room
}pool of water
.dark part of a room
.dark part of a room
.dark part of a room
.dark part of a room
.dark part of a room
.dark part of a room
.dark part of a room
}pool of water
}pool of water
}pool of water
}pool of water
}pool of water
}pool of water
.floor of a room
.floor of a room
.floor of a room
.floor of a room
.floor of a room
.floor of a room
.floor of a room
.floor of a room
.floor of a room
}pool of water
}pool of water
.floor of a room
.floor of a room
.floor of a room
.floor of a room
}pool of water
}pool of water
}pool of water
}pool of water
}pool of water
%a garter snake corpse
%a snake corpse
.floor of a room
}pool of water
}pool of water
}pool of water
.floor of a room
.floor of a room
.floor of a room
.dark part of a room
.dark part of a room
.dark part of a room
.dark part of a room
.dark part of a room
.dark part of a room
.dark part of a room
.dark part of a room
.dark part of a room
.dark part of a room
*2 rocks
^pit
.dark part of a room
.dark part of a room
.dark part of a room
.dark part of a room
.dark part of a room
.dark part of a room
.dark part of a room
.dark part of a room
.dark part of a room
.dark part of a room
.dark part of a room
.dark part of a room
.dark part of a room
}pool of water
}pool of water
.dark part of a room
.dark part of a room
(a pick-axe
.dark part of a room
.dark part of a room
.dark part of a room
.dark part of a room
}pool of water
}pool of water
}pool of water
}pool of water
.dark part of a room
}pool of water
}pool of water
.dark part of a room
.dark part of a room
.dark part of a room
}pool of water
}pool of water
}pool of water
}pool of water
}pool of water
}pool of water
.floor of a room
.floor of a room
.floor of a room
.floor of a room
.floor of a room
.floor of a room
.floor of a room
.floor of a room
}pool of water
}pool of water
}pool of water
}pool of water
.floor of a room
}pool of water
.floor of a room
.floor of a room
}pool of water
}pool of water
.floor of a room
}pool of water
}pool of water
%a pit viper corpse
.floor of a room
.floor of a room
}pool of water
}pool of water
.floor of a room
.floor of a room
.floor of a room
.floor of a room
.dark part of a room
}pool of water
}pool of water
}pool of water
}pool of water
}pool of water
.dark part of a room
.dark part of a room
.dark part of a room
}pool of water
}pool of water
}pool of water
}pool of water
.dark part of a room
.dark part of a room
}pool of water
}pool of water
}pool of water
}pool of water
}pool of water
.dark part of a room
.dark part of a room
.dark part of a room
}pool of water
}pool of water
}pool of water
}pool of water
.dark part of a room
.dark part of a room
.dark part of a room
.dark part of a room
.dark part of a room
.dark part of a room
}pool of water
}pool of water
}pool of water
}pool of water
}pool of water
}pool of water
}pool of water
}pool of water
.dark part of a room
.dark part of a room
.dark part of a room
.dark part of a room
}pool of water
}pool of water
}pool of water
.floor of a room
.floor of a room
.floor of a room
.floor of a room
.floor of a room
.floor of a room
.floor of a room
.floor of a room
}pool of water
}pool of water
}pool of water
}pool of water
}pool of water
}pool of water
}pool of water
}pool of water
}pool of water
}pool of water
}pool of water
.floor of a room
<staircase up
}pool of water
}pool of water
.floor of a room
.floor of a room
.floor of a room
}pool of water
}pool of water
}pool of water
}pool of water
}pool of water
}pool of water
}pool of water
.dark part of a room
.dark part of a room
.dark part of a room
}pool of water
}pool of water
}pool of water
}pool of water
}pool of water
.dark part of a room
.dark part of a room
}pool of water
}pool of water
}pool of water
}pool of water
.dark part of a room
.dark part of a room
.dark part of a room
}pool of water
}pool of water
}pool of water
}pool of water
}pool of water
.dark part of a room
.dark part of a room
.dark part of a room
=a ring
}pool of water
.dark part of a room
.dark part of a room
.dark part of a room
.dark part of a room
.dark part of a room
}pool of water
.dark part of a room
}pool of water
}pool of water
}pool of water
}pool of water
}pool of water
.dark part of a room
}pool of water
}pool of water
.dark part of a room
}pool of water
}pool of water
}pool of water
}pool of water
.floor of a room
.floor of a room
.floor of a room
.floor of a room
.floor of a room
.floor of a room
.floor of a room
.floor of a room
}pool of water
}pool of water
}pool of water
}pool of water
}pool of water
}pool of water
}pool of water
}pool of water
}pool of water
}pool of water
.floor of a room
}pool of water
}pool of water
}pool of water
[a splint mail
.floor of a room
.floor of a room
.floor of a room
.floor of a room
Yowlbear
.floor of a room
.floor of a room
.floor of a room
.floor of a room
.floor of a room
.floor of a room
.floor of a room
.dark part of a room
.dark part of a room
)an arrow
.dark part of a room
.dark part of a room
.dark part of a room
.dark part of a room
.dark part of a room
.dark part of a room
.dark part of a room
.dark part of a room
.dark part of a room
.dark part of a room
.dark part of a room
.dark part of a room
.dark part of a room
.dark part of a room
.dark part of a room
.dark part of a room
.dark part of a room
.dark part of a room
}pool of water
}pool of water
}pool of water
.dark part of a room
.dark part of a room
.dark part of a room
.dark part of a room
.dark part of a room
.dark part of a room
.dark part of a room
.dark part of a room
}pool of water
}pool of water
}pool of water
}pool of water
}pool of water
}pool of water
}pool of water
.dark part of a room
}pool of water
}pool of water
}pool of water
}pool of water
.floor of a room
.floor of a room
.floor of a room
.floor of a room
}pool of water
}pool of water
.floor of a room
}pool of water
}pool of water
}pool of water
}pool of water
}pool of water
}pool of water
}pool of water
}pool of water
}pool of water
}pool of water
}pool of water
}pool of water
}pool of water
}pool of water
.floor of a room
%a pit viper corpse
.floor of a room
.floor of a room
.floor of a room
.floor of a room
.floor of a room
}pool of water
}pool of water
}pool of water
}pool of water
}pool of water
}pool of water
.floor of a room
.floor of a room
.floor of a room
.floor of a room
.floor of a room
}pool of water
}pool of water
}pool of water
}pool of water
}pool of water
}pool of water
}pool of water
}pool of water
}pool of water
}pool of water
.dark part of a room
}pool of water
}pool of water
}pool of water
}pool of water
}pool of water
}pool of water
}pool of water
}pool of water
}pool of water
}pool of water
}pool of water
}pool of water
}pool of water
.dark part of a room
.dark part of a room
.dark part of a room
.dark part of a room
}pool of water
}pool of water
}pool of water
}pool of water
}pool of water
}pool of water
}pool of water
.dark part of a room
}pool of water
}pool of water
}pool of water
.floor of a room
.floor of a room
}pool of water
.floor of a room
.floor of a room
}pool of water
}pool of water
}pool of water
}pool of water
}pool of water
}pool of water
}pool of water
}pool of water
}pool of water
}pool of water
}pool of water
}pool of water
}pool of water
}pool of water
}pool of water
}pool of water
}pool of water
}pool of water
}pool of water
.floor of a room
.floor of a room
.floor of a room
.floor of a room
.floor of a room
.floor of a room
}pool of water
}pool of water
}pool of water
}pool of water
}pool of water
.floor of a room
.floor of a room
.floor of a room
}pool of water
.floor of a room
}pool of water
}pool of water
}pool of water
}pool of water
}pool of water
}pool of water
}pool of water
}pool of water
}pool of water
}pool of water
.dark part of a room
.dark part of a room
.dark part of a room
}pool of water
}pool of water
}pool of water
}pool of water
}pool of water
}pool of water
}pool of water
}pool of water
}pool of water
}pool of water
}pool of water
}pool of water
}pool of water
.dark part of a room
}pool of water
}pool of water
}pool of water
}pool of water
}pool of water
}pool of water
}pool of water
.dark part of a room
.dark part of a room
.dark part of a room
}pool of water
}pool of water
}pool of water
}pool of water
}pool of water
}pool of water
}pool of water
}pool of water
}pool of water
}pool of water
}pool of water
}pool of water
}pool of water
}pool of water
}pool of water
}pool of water
}pool of water
}pool of water
}pool of water
}pool of water
}pool of water
}pool of water
}pool of water
}pool of water
}pool of water
}pool of water
.floor of a room
.floor of a room
}pool of water
}pool of water
.floor of a room
.floor of a room
}pool of water
}pool of water
}pool of water
}pool of water
}pool of water
.floor of a room
.floor of a room
}pool of water
}pool of water
}pool of water
}pool of water
}pool of water
}pool of water
}pool of water
}pool of water
}pool of water
}pool of water
}pool of water
}pool of water
}pool of water
.dark part of a room
.dark part of a room
}pool of water
}pool of water
}pool of water
}pool of water
}pool of water
}pool of water
}pool of water
}pool of water
}pool of water
}pool of water
}pool of water
}pool of water
}pool of water
}pool of water
}pool of water
}pool of water
}pool of water
}pool of water
}pool of water
}pool of water
}pool of water
}pool of water
.dark part of a room
}pool of water
.dark part of a room
}pool of water
}pool of water
}pool of water
}pool of water
}pool of water
}pool of water
}pool of water
}pool of water
}pool of water
}pool of water
}pool of water
}pool of water
}pool of water
}pool of water
}pool of water
}pool of water
}pool of water
}pool of water
}pool of water
}pool of water
}pool of water
}pool of water
}pool of water
}pool of water
}pool of water
}pool of water
}pool of water
}pool of water
}pool of water
}pool of water
}pool of water
}pool of water
}pool of water
}pool of water
}pool of water
}pool of water
}pool of water
}pool of water
}pool of water
}pool of water
}pool of water
}pool of water
}pool of water
}pool of water
}pool of water
}pool of water
}pool of water
}pool of water
}pool of water
}pool of water
}pool of water
}pool of water
}pool of water
}pool of water
}pool of water
}pool of water
}pool of water
}pool of water
}pool of water
}pool of water
}pool of water
}pool of water
}pool of water
}pool of water
}pool of water
}pool of water
}pool of water
}pool of water
}pool of water
}pool of water
}pool of water
}pool of water
}pool of water
}pool of water
}pool of water
}pool of water
}pool of water
}pool of water
}pool of water
}pool of water
[Rustyspoon the Embalmer ] St:18/22 Dx:15 Co:18 In:12 Wi:18 Ch:18 Neutral Home 6 $:0 HP:0(184) Pw:21(72) AC:-27 Xp:8 T:39908 Lev

Latest messages:

What do you want to use or apply? [begkms-uG or ?*]
You can see again.
Your eyes sting.
You cough!
What do you want to use or apply? [begkms-uG or ?*]
Never mind.
Wow! This makes you feel great!
Wow! This makes you feel great!
You can see again.
Your eyes sting.
You cough!
You can see again.
You are enveloped in a cloud of noxious gas!
The blast of poison gas whizzes by you!
The giant rat falls into a pit!
The giant rat is killed!
You see a gas cloud dissipate.
What do you want to use or apply? [begkms-uG or ?*]
What do you want to put on? [t or ?*]
You are already wearing that!
Wait! There's something there you can't see!
The electric eel bites!
You get zapped!
The zap doesn't shock you!
The electric eel brushes against your leg.
You see a gas cloud dissipate.
The electric eel misses!
The electric eel misses!
The Cyclops throws a boulder!
A boulder misses you.
There is a large splash as the boulder fills the pool of water.
The Cyclops vanishes and reappears next to you.
The Cyclops swings his staff named the Staff of Aesculapius.
The staff named the Staff of Aesculapius drains your life!
Goodbye level 12.
The Cyclops swings his staff named the Staff of Aesculapius.
The staff named the Staff of Aesculapius drains your life!
Goodbye level 11.
The Cyclops hits!
"Which would you like, rustyspoon? Boils, pleurisy, convulsions?"
What do you want to use or apply? [begkms-uG or ?*]
h - a blessed diluted potion of full healing.
The Cyclops swings his staff named the Staff of Aesculapius.
The staff named the Staff of Aesculapius drains your life!
Goodbye level 10.
The Cyclops swings his staff named the Staff of Aesculapius.
The staff named the Staff of Aesculapius drains your life!
Goodbye level 9.
You die...
Do you want your possessions identified? [ynq] (y)

Inventory:

Amulets

S - an uncursed amulet of reflection (being worn)

Weapons

a - the uncursed rustproof +0 Mjollnir (weapon in hand)

Armor

B - a blessed +4 blue dragon scale mail (being worn)
C - a blessed greased fireproof +4 cloak of magic resistance (being worn)
D - an uncursed +1 pair of iron shoes (being worn)
E - a blessed +1 pair of leather gloves (being worn)
F - a blessed +1 orcish helm (being worn)

Comestibles

L - an uncursed lizard corpse named KFC

Potions

h - a blessed diluted potion of full healing

Rings

p - an uncursed +3 ring of protection (on right hand)
P - an uncursed ring of levitation (on left hand)

Wands

g - an uncursed wand of sleep (0:0)
m - an uncursed wand of sleep (0:2)
G - an uncursed wand of sleep (0:6)

Tools

b - a blessed bag of holding containing 104 items
e - an uncursed stethoscope
k - an uncursed skeleton key
s - an uncursed sack named cancellation containing 1 item
t - an uncursed blindfold
u - a blessed +0 unicorn horn

Gems/Stones

x - a blessed luckstone named 177

Contents of the bag of holding:

28078 gold pieces
an uncursed amulet of strangulation named cursed
an uncursed amulet versus poison
an uncursed amulet of flying
a blessed +0 helm of opposite alignment
an uncursed +0 pair of fumble boots
a blessed +0 mummy wrapping
an uncursed +0 robe
12 uncursed C-rations
12 uncursed food rations
10 uncursed K-rations
an uncursed lembas wafer
an uncursed lizard corpse named MCD
an uncursed scroll of food detection
a cursed scroll of punishment
a blessed scroll of enchant weapon
7 uncursed scrolls of enchant weapon
a cursed scroll of enchant weapon
an uncursed scroll of amnesia
2 blessed scrolls of blank paper
13 uncursed scrolls of blank paper
a blessed scroll of charging
an uncursed scroll of create monster
4 uncursed scrolls of destroy armor
2 uncursed scrolls of earth
a blessed scroll of fire
2 uncursed scrolls of fire
a blessed scroll of gold detection
6 uncursed scrolls of gold detection
a blessed scroll of identify
5 uncursed scrolls of magic mapping
4 blessed scrolls of remove curse
a blessed scroll of taming
2 uncursed scrolls of taming
a cursed scroll of taming
a blessed scroll of teleportation
6 uncursed scrolls of teleportation
an uncursed scroll of teleportation
a blessed spellbook of extra healing
a blessed spellbook of healing
a blessed spellbook of restore ability
a cursed potion of see invisible
5 potions of holy water
7 uncursed potions of water
3 potions of unholy water
3 blessed diluted potions of full healing
an uncursed potion of full healing
an uncursed potion of gain ability
4 uncursed potions of gain level
an uncursed potion of gain level
an uncursed potion of healing
an uncursed potion of invisibility
2 uncursed potions of invisibility
an uncursed potion of levitation
an uncursed potion of levitation
a blessed potion of object detection
an uncursed potion of paralysis
a blessed potion of restore ability
an uncursed potion of restore ability
a blessed potion of sleeping
an uncursed potion of sleeping
4 uncursed potions of speed
a cursed -1 ring of increase accuracy
an uncursed ring of poison resistance
an uncursed ring of aggravate monster
a cursed ring of aggravate monster
an uncursed ring of protection from shape changers
an uncursed +1 ring of increase damage
an uncursed +1 ring of gain constitution
an uncursed ring of slow digestion
an uncursed ring of teleport control
an uncursed wand of cold (0:4)
an uncursed wand of cold (0:5)
an uncursed wand of cold (0:4)
an uncursed wand of slow monster (0:7)
an uncursed wand of slow monster (0:4)
an uncursed wand of locking (0:4)
an uncursed wand of digging (0:8)
an uncursed wand of digging (0:6)
an uncursed wand of digging (0:2)
an uncursed wand of digging (0:6)
an uncursed wand of light (0:12)
an uncursed wand of lightning (0:6)
an uncursed wand of magic missile (0:4)
an uncursed wand of magic missile (0:6)
an uncursed wand of make invisible (0:6)
an uncursed wand of polymorph (0:3)
an uncursed wand of secret door detection (0:14)
an uncursed wand of secret door detection (0:10)
an uncursed wand of striking (0:7)
an uncursed wand of striking (0:5)
an uncursed wand of teleportation (0:6)
an uncursed wand of wishing named 1:0 (1:0)
an uncursed bugle
an uncursed can of grease (0:24)
a blessed magic marker (0:89)
an uncursed oil lamp
an uncursed oil lamp
an uncursed rusty +0 pick-axe
2 uncursed amethyst stones
an uncursed emerald
2 uncursed rubies
2 uncursed topaz stones
an uncursed worthless piece of violet glass

Contents of the sack named cancellation:

an uncursed wand of cancellation (0:6)

Rustyspoon the Healer's attributes:


Background:

You were an Embalmer, a level 8 female gnomish Healer.
You were neutral, on a mission for Hermes
who was opposed by Athena (lawful) and Poseidon (chaotic).
You were in the Quest, on level 6.
You entered the dungeon 39908 turns ago.
You had 2559 experience points, 1 more was needed to attain level 9.

Basics:

You had 0 out of 184 hit points.
You had 21 out of 72 energy points (spell power).
Your armor class was -27.
Your wallet was empty.
Autopickup was on for '"?!=/' plus thrown, with exceptions.

Final Characteristics:

Your strength was 18/22 (limit:18/50).
Your dexterity was 15 (limit:18).
Your constitution was 18 (limit:18).
Your intelligence was 12 (limit:19).
Your wisdom was 18 (limit:18).
Your charisma was 18 (limit:18).

Final Status:

You were levitating.
You were not hungry.
You were unencumbered.
You were wielding a hammer.
You were unskilled in hammer and could have enhanced that.

Final Attributes:

You were the Envoy of Balance.
You were piously aligned.
You were magic-protected.
You were fire resistant.
You were cold resistant.
You were sleep resistant.
You were disintegration-resistant.
You were shock resistant.
Your items were protected from electric shocks.
You were poison resistant.
You saw invisible.
You were telepathic.
You had infravision.
You were invisible to others.
You had a large defense bonus (+12).
You were guarded.
You were very fast.
You had reflection.
You were extremely lucky.
You had extra luck.
Good luck did not time out for you.
You are dead.

Miscellaneous:
You encountered 1 bones level.
Total elapsed playing time was 4 hours, 19 minutes and 29 seconds.

Major events:

Turn

1: rustyspoon the neutral female gnomish Healer entered the dungeon
1316: entered the Gnomish Mines
2459: reached Mine Town
3655: attained the rank of Empiric (level 3)
6792: attained the rank of Embalmer (level 6)
7179: destroyed efw's ghost, the former Acolyte
7699: entered the Bigroom
10105: entered Sokoban
10473: completed 1st Sokoban level
11333: completed 2nd Sokoban level
12012: completed 3rd Sokoban level
13057: completed 4th Sokoban level
14191: attained the rank of Dresser (level 10)
15315: acquired the Sokoban amulet of reflection
18103: was bestowed with Mjollnir by Hermes
21476: acquired the Mines' End luckstone
26870: became Hermes' Envoy of Balance
26870: was bestowed with Vorpal Blade
33592: killed Medusa
34688: made her first wish - "2 blessed scrolls of charging", got "2 scrolls labeled EIRIS SAZUN IDISI"
34694: wished for "blessed greased bag of holding", got "a greased bag"
36929: wished for "blessed greased fixed +2 cloak of magic resistance", got "a greased opera cloak"
36936: wished for "blessed magic marker", got "a magic marker"
39121: attained the rank of Medica ossium (level 14)
39872: found the Staff of Aesculapius on the floor
39908: killed by the Cyclops

Vanquished creatures:

Medusa
a gray dragon
6 gold dragons
4 silver dragons
2 red dragons
2 white dragons
3 orange dragons
3 black dragons
3 blue dragons
2 green dragons
2 yellow dragons
a minotaur
2 baluchitheria
3 demiliches
3 captains
2 lurkers above
a golden naga
2 vampires
5 lieutenants
a watch captain
9 ghosts
a queen bee
2 winged gargoyles
2 giant mimics
a long worm
a fire giant
5 ogre tyrants
an ice troll
7 rock trolls
an umber hulk
2 large mimics
2 wumpuses
a baby purple worm
a couatl
5 stalkers
2 air elementals
2 fire elementals
3 hill giants
a giant mummy
5 black nagas
5 xorns
a giant zombie
8 sergeants
6 wargs
9 small mimics
a glass piercer
2 warhorses
7 xans
an ettin mummy
6 ogre leaders
3 quantum mechanics
13 trolls
8 sharks
5 gelatinous cubes
4 pyrolisks
5 freezing spheres
6 flaming spheres
2 shocking spheres
3 large cats
4 tigers
3 gargoyles
3 tengu
3 ochre jellies
2 leocrottas
3 energy vortices
a mountain centaur
an elf mummy
2 human mummies
6 pythons
6 pit vipers
5 cobras
6 wraiths
2 carnivorous apes
6 ettin zombies
a leather golem
13 Grey-elves
40 soldiers
a watchman
2 amorous demons
5 chameleons
8 giant beetles
6 quivering blobs
10 cockatrices
6 wolves
12 winter wolf cubs
2 lynxes
2 panthers
3 gremlins
a spotted jelly
71 leprechauns
5 orc-captains
6 iron piercers
a mumak
3 giant spiders
2 scorpions
3 horses
5 black lights
6 vampire bats
a forest centaur
3 orc mummies
5 dwarf mummies
3 ogres
2 brown puddings
8 rust monsters
3 owlbears
5 yetis
a gold golem
3 werewolves
2 Green-elves
17 giant eels
8 lizards
2 chickatrices
3 dingoes
3 dogs
8 jaguars
3 dwarf leaders
7 blue jellies
5 white unicorns
5 black unicorns
3 dust vortices
20 ravens
3 gnome mummies
21 snakes
an ape
7 human zombies
3 rope golems
6 Woodland-elves
4 soldier ants
4 fire ants
4 bugbears
2 imps
3 quasits
7 wood nymphs
3 water nymphs
3 mountain nymphs
13 Uruk-hai
3 orc shamans
8 rock piercers
3 rock moles
4 ponies
5 fog clouds
8 yellow lights
4 shriekers
2 gnome leaders
a gnomish wizard
a kobold mummy
5 gray oozes
8 elf zombies
5 ghouls
a straw golem
a jellyfish
16 giant ants
3 little dogs
5 floating eyes
a kitten
10 dwarves
3 homunculi
a kobold leader
2 kobold shamans
17 hill orcs
18 rothes
26 rabid rats
3 centipedes
8 giant bats
6 monkeys
7 orc zombies
5 dwarf zombies
a wererat
a werejackal
6 iguanas
27 killer bees
5 acid blobs
9 coyotes
a gas spore
11 hobbits
4 manes
5 hobgoblins
21 giant rats
15 cave spiders
3 brown molds
3 yellow molds
4 green molds
4 red molds
18 gnomes
9 garter snakes
6 gnome zombies
12 geckos
28 jackals
6 foxes
4 kobolds
11 goblins
5 sewer rats
15 grid bugs
6 bats
7 lichens
5 kobold zombies
17 newts
1128 creatures vanquished.
No species were genocided or became extinct.

Voluntary challenges:

You read items or engraved 58 times.
You engraved Elbereth 14 times.
You never genocided any monsters.
You used 4 wishes.
You did not wish for any artifacts.
You did not violate any of the special Sokoban rules.

Achievements:

You entered the Gnomish Mines.
You entered Minetown.
You entered a temple.
You entered a shop.
You attained the rank of Empiric.
You attained the rank of Embalmer.
You entered the Big Room.
You entered Sokoban.
You attained the rank of Dresser.
You completed Sokoban.
You completed the Gnomish Mines.
You defeated Medusa.
You learned the tune to open and close the Castle's drawbridge.
You attained the rank of Medica ossium.

The Dungeons of Doom: levels 1 to 25

   Level 1:
A fountain.
Level 2:
A fountain, a sink.
Level 3:
Level 4:
Stairs down to The Gnomish Mines.
Level 5: "plate"
Level 6:
A fountain.
Level 7:
A sink.
Level 8:
Many altars, a fountain, a grave.
Final resting place for
efw-Pri-Hum-Mal-Law, killed by a giant spider.
Level 9:
Many fountains.
Oracle of Delphi.
Level 10:
A very big room.
Stairs up to Sokoban, level 9.
Level 11:
Level 12:
A scroll shop, a fountain.
Level 13:
A fountain.
Level 14:
Level 15:
A fountain.
Level 16:
A fountain, many graves.
Summoned by Hippocrates.
Portal to The Quest.
Level 17:
A primitive area.
Level 18:
Some fountains.
Level 19:
Level 20:
Level 21:
A fountain.
Level 22:
A fountain, many trees.
Level 23:
Level 24:
Level 25:
A fountain.
The castle.

The Gnomish Mines: levels 5 to 12

   Level 5:
Level 6:
Level 7:
Many shops, a temple, some fountains, a sink.
Level 8: "stash >"
Level 9:
Level 10:
Level 11:
Level 12:

The Quest: levels 1 to 6

   Level 1:
A throne.
Given quest by Hippocrates.
Level 2:
Level 3:
A temple.
Level 4:
Level 5:
Level 6: <- You were here.
Final resting place for
you, killed by the Cyclops.

Sokoban: levels 9 up to 6

   Level 6:
Solved.
Level 7:
Solved.
Level 8: "blue jelly"
Solved.
Level 9:
Solved.

Game over:

----------
/ \
/ REST \
/ IN \
/ PEACE \
/ \
| rustyspoon |
| 28078 Au |
| killed by the |
| Cyclops |
| |
| |
| 2022 |
*| * * * | *
_________)/\\_//(\/(/\)/\//\/|_)_______

Goodbye rustyspoon the Healer...


You died in The Quest on dungeon level 6 with 377208 points,
and 28078 pieces of gold, after 39908 moves.
You were level 8 with a maximum of 184 hit points when you died.